 Dungeon Crawl Stone Soup version 0.20-a0-270-g8e735b6 (webtiles) character file.

14 ExecutiveFodder the Grasshopper (level 2, 14/14 HPs)
             Began as a Spriggan Warper on Dec 11, 2016.
             Got out of the dungeon alive.
             The game lasted 00:04:21 (457 turns).

ExecutiveFodder the Grasshopper (Spriggan Warper)    Turns: 457, Time: 00:04:21

Health: 14/14      AC:  2    Str:  7    XL:     2   Next: 31%
Magic:  7/7        EV: 19    Int: 14    God:
Gold:   11         SH:  0    Dex: 15    Spells: 3/7 levels left

rFire  . . .     SeeInvis +     a - +0 short sword
rCold  . . .     Gourm    .     b - +0 robe
rNeg   . . .     Faith    .     (shield restricted)
rPois  .         Spirit   .     (helmet restricted)
rElec  .         Reflect  .     (no cloak)
rCorr  .         Harm     .     (gloves unavailable)
MR     .....                    (boots unavailable)
Stlth  +.........               (no amulet)
                                (no ring)
                                (no ring)

@: very quick
A: unfitting armour, see invisible, herbivore 3, speed 3, slow metabolism 2
a: no special abilities


You escaped.
You were not hungry.

You visited 1 branch of the dungeon, and saw 1 of its levels.

You collected 11 gold pieces.

Inventory:

Hand Weapons
 a - a +0 short sword (weapon)
 i - a +0 dagger
Missiles
 e - 5 tomahawks of dispersal (quivered)
Armour
 b - a +0 robe (worn)
 j - a cursed +0 leather armour
 l - a +0 chain mail
 m - a +1 scale mail of magic resistance
Scrolls
 d - a scroll of blinking
Potions
 g - a potion of haste {unknown}
 h - 2 potions of curing {unknown}
 k - a potion of berserk rage {unknown}
Books
 c - a book of Spatial Translocations

   Spells                             Type                      Level
   a - Blink                          Translocation                2
   b - Shroud of Golubria             Charms/Translocation         2
   c - Lesser Beckoning               Translocation                3
   d - Portal Projectile              Translocation                3
   e - Teleport Other                 Translocation                3
   f - Passage of Golubria            Translocation                4
Comestibles
 f - 2 bread rations


   Skills:
 + Level 1.6 Fighting
 * Level 2.5 Short Blades
 + Level 1.0 Throwing
 * Level 3.8 Dodging
 * Level 3.2 Spellcasting
 + Level 4.4 Translocations


You had 3 spell levels left.
You knew the following spells:

 Your Spells              Type           Power        Failure   Level  Hunger
a - Shroud of Golubria    Chrm/Tloc      #.........   14%         2    ##.....
b - Blink                 Tloc           N/A          6%          2    ##.....


Dungeon Overview and Level Annotations

Branches:
Dungeon (1/15)

Altars:


Innate Abilities, Weirdness & Mutations

You are very small and have problems with some larger weapons.
You are too small for most types of armour.
You have supernaturally acute eyesight. (SInv)
You are a herbivore.
You cover ground extremely quickly.
You need consume almost no food.


Message History

Are you sure you want to leave the Dungeon?
This will make you lose the game!
Uppercase [Y]es or [N]o only, please.
Are you sure you want to leave the Dungeon?
This will make you lose the game!
Uppercase [Y]es or [N]o only, please.
Are you sure you want to leave the Dungeon?
This will make you lose the game!
Uppercase [Y]es or [N]o only, please.
Are you sure you want to leave the Dungeon?
This will make you lose the game!
Uppercase [Y]es or [N]o only, please.
Are you sure you want to leave the Dungeon?
This will make you lose the game!
Uppercase [Y]es or [N]o only, please.
Are you sure you want to leave the Dungeon?
This will make you lose the game!
Uppercase [Y]es or [N]o only, please.
Are you sure you want to leave the Dungeon?
This will make you lose the game!
Uppercase [Y]es or [N]o only, please.
Are you sure you want to leave the Dungeon?
This will make you lose the game!
Uppercase [Y]es or [N]o only, please.
Are you sure you want to leave the Dungeon?
This will make you lose the game!
Uppercase [Y]es or [N]o only, please.
Are you sure you want to leave the Dungeon?
This will make you lose the game!
You have escaped!

..##.##.⌠.'...'...'...'..#..
#.....#...#...#...#...#..####
#.##.###'###'#######+##..#
.....##...#...#...# #....
#.##..#...#...'.⌠.# +.....
#.#...#...#...#...# #######
......##'#######'##
.##...#...# #...# .######...#
+)@.# .# #...# #...# .####
##'########## ....#
#...#...#...# ....#
#.⌠.'...'...# ....#
#(..#...#...# ....#
############# ....# ....#


There were no monsters in sight!

Vanquished Creatures
  A dart slug (D:1)
  2 leopard geckos (D:1)
  A bat (D:1)
  2 goblins (D:1)
  2 hobgoblins (D:1)
  A kobold (D:1)
9 creatures vanquished.

Notes
Turn   | Place    | Note
-------+----------+-------------------------------------------
     0 | D:1      | ExecutiveFodder the Spriggan Warper began the quest for the Orb.
     0 | D:1      | Reached XP level 1. HP: 10/10 MP: 5/5
   165 | D:1      | Reached XP level 2. HP: 10/14 MP: 7/7
   182 | D:1      | Learned a level 2 spell: Shroud of Golubria
   206 | D:1      | Learned a level 2 spell: Blink
   457 | D:$      | Got out of the dungeon alive.

Vault maps used:
D:1:      co_arrival_random_square_maze

Skill      XL: |  1 |
---------------+----+-----
Spellcasting   | 3 |  3.2
Fighting       | |  1.6
Short Blades   | |  2.5
Throwing       | |  1.0
Dodging        | |  3.8
Translocations | |  4.4

Action                   || total
-------------------------++-------
Melee: Short sword       ||    29
 Cast: Blink             ||     2
 Stab: Sleeping          ||     2
Dodge: Dodged            ||    17
